 Dungeon Crawl Stone Soup version 0.22-a0-608-g8a62e23 (webtiles) character file.

1651 sking99 the Martial Artist (level 8, 0/71 HPs)
             Began as a Red Draconian Transmuter on July 9, 2018.
             Was a Follower of Fedhas.
             Slain by a wyvern skeleton (9 damage)
             ... on level 7 of the Dungeon.
             The game lasted 00:13:06 (7238 turns).

sking99 the Martial Artist (DrTm)                   Turns: 7238, Time: 00:13:07

Health: 0/71       AC:  8    Str: 12    XL:     8   Next: 68%
Magic:  11/11      EV: 12    Int: 15    God:    Fedhas [*.....]
Gold:   421        SH:  0    Dex: 13    Spells: 8/11 levels left

rFire    + + .     SeeInvis .     - Unarmed
rCold    . . .     Gourm    .   (no shield)
rNeg     . . .     Faith    .   (armour unavailable)
rPois    .         Spirit   .   (helmet restricted)
rElec    .         Reflect  .   (no cloak)
rCorr    .         Harm     .   d - +1 pair of gloves
MR       .....                  (no boots)
Stlth    +.........             (no amulet)
HPRegen  0.21/turn              i - ring of protection from fire
MPRegen  0.12/turn              (no ring)

@: no status effects
A: breathe fire, unfitting armour, fire resistance 1, cold-blooded, AC +6
a: Breathe Fire, Fungal Bloom, Evolution, Renounce Religion


You were on level 7 of the Dungeon.
You worshipped Fedhas.
Fedhas was aware of your devotion.
You were not hungry.

You visited 1 branch of the dungeon, and saw 7 of its levels.

You collected 421 gold pieces.

Inventory:

Missiles
 a - 81 arrows
Armour
 d - a +1 pair of gloves (worn)
Jewellery
 i - a ring of protection from fire (left hand)
 o - an uncursed amulet of guardian spirit {unknown}
Wands
 t - a wand of iceblast (7)
Scrolls
 b - a scroll of teleportation
 f - a scroll of fog
 k - 4 scrolls of identify
 l - a scroll of amnesia
 m - 2 scrolls of enchant armour
Potions
 e - a potion of heal wounds {unknown}
 g - 6 potions of curing
 h - 2 potions of invisibility
 p - a potion of haste
 q - a potion of magic {unknown}
 r - a potion of resistance {unknown}
 s - a potion of might
 u - 4 potions of brilliance
 v - a potion of flight
 w - a potion of degeneration {unknown}
Comestibles
 c - 15 rations


   Skills:
 + Level 6.6 Fighting
 - Level 1.7 Dodging
 * Level 9.2 Unarmed Combat
 - Level 2.0 Spellcasting
 + Level 3.0 Transmutations
 + Level 2.2 Invocations


You had 8 spell levels left.
You knew the following spells:

 Your Spells              Type           Power        Failure   Level  Hunger
a - Beastly Appendage     Tmut           ##....       6%          1    #......
b - Sticks to Snakes      Tmut           ##......     10%         2    ###....

Your spell library contained the following spells:

 Spells                   Type           Power        Failure   Level  Hunger
 Spider Form              Tmut/Pois      #.........   34%         3    ###....
 Blade Hands              Tmut           ##........   87%         5    ######.
 Ice Form                 Ice/Tmut       #.......     75%         4    #####..


Dungeon Overview and Level Annotations

Branches:
Dungeon (7/15)             Temple (0/1) D:4

Altars:
Dithmenos
Fedhas
Gozag
Qazlal
The Shining One

Shops:
D:6 *


Innate Abilities, Weirdness & Mutations

You can breathe blasts of fire.
Your fiery red scales are hard. (AC +6)
You cannot fit into any form of body armour.
Your flesh is heat resistant. (rF+)
You are cold-blooded and may be slowed by cold attacks.


Message History

You kill the orc!
The wyvern skeleton bites you! The wyvern skeleton bites you.
* * * LOW HITPOINT WARNING * * *
Things that are here:
a ring mail; an orc corpse You hit the wyvern skeleton.
You tail-slap the wyvern skeleton.
The wyvern skeleton is lightly damaged.
The wyvern skeleton barely misses you.
You hit the wyvern skeleton but do no damage.
The wyvern skeleton is lightly damaged.
The wyvern skeleton bites you!
* * * LOW HITPOINT WARNING * * *
You barely miss the wyvern skeleton.
The wyvern skeleton is lightly damaged.
The wyvern skeleton bites you.
* * * LOW HITPOINT WARNING * * *
The wyvern skeleton bites you!
You die...
Fedhas appreciates your contribution to the ecosystem.

*,,,,,,,,,****
*********,****,,,,,,,*
********,,,,,,,,,,,,,,,,,,*,*
,,,,,,,,,,**#######**,**,,*,***
*******,,,,,,.....##*,**,,,,,,* *
*,,,,*##>§§§§##,#**,*,,,*** *
****,,,,##§ff§§.§#.##*,,,,,,,* *
*,,,,...#.§§ff.......,,,,,,,,, *
*,**,,#...§§§@§...##**,,,,,,,* *
**,**,,###.§§Z[§...# ***,,,***
***,,,*,,* ##[§§§...## *,,,*
,,,,,,,,,* ##.....## **,**
***,,,**,** ##...!# *,*
*,,,,,,,,,* ##.#.#********<****
*,***,**,,*****#....,,,,,,,,,,,,,
*,* *,**,,,,,,>......***,***,***,
*,* *,***,,,,,,.......,,,,,,,,,,,


You could see a wyvern skeleton and 4 friendly wandering mushrooms.

Vanquished Creatures
  Sigmund (D:2)
  An orc warrior (D:6)
  An ice beast (D:5)
  2 ogres (D:6)
  A centaur (D:5)
  2 scorpions
  2 crimson imps (D:5)
  A hound (D:6)
  2 jellies (D:6)
  An orc priest (D:4)
  A centaur skeleton (D:5)
  An iguana (D:5)
  Jessica (D:2)
  Ijyb (D:4)
  4 orc wizards
  A worker ant (D:5)
  A hound skeleton (D:5)
  4 gnolls (D:3)
  8 adders
  A shadow imp (D:5)
  3 oozes
  4 adder skeletons
  A worm (D:2)
  2 dart slugs
  5 leopard geckos
  17 orcs
  11 bats
  6 giant cockroaches
  7 goblins
  8 hobgoblins
  10 jackals
  9 kobolds
  A quokka (D:3)
  A frilled lizard (D:2)
  5 rats
127 creatures vanquished.

Vanquished Creatures (collateral kills)
  A phantom (D:4)
  3 ogres
  A howler monkey (D:6)
  A crimson imp (D:5)
  A hound (D:6)
  An orc priest (D:4)
  A worker ant (D:5)
  A howler monkey skeleton (D:6)
  An adder (D:5)
  A worm (D:2)
  2 leopard geckos (D:5)
  3 orcs
  A jackal (D:4)
  A frilled lizard (D:3)
19 creatures vanquished.

Vanquished Creatures (others)
  41 toadstools
41 creatures vanquished.

Grand Total: 187 creatures vanquished

Notes
Turn   | Place    | Note
-------+----------+-------------------------------------------
     0 | D:1      | sking99 the Draconian Transmuter began the quest for the Orb.
     0 | D:1      | Reached XP level 1. HP: 16/16 MP: 3/3
   231 | D:1      | Reached XP level 2. HP: 12/23 MP: 5/5
   404 | D:1      | Learned a level 2 spell: Sticks to Snakes
   812 | D:1      | Reached XP level 3. HP: 25/29 MP: 6/6
  1045 | D:2      | Reached skill level 4 in Unarmed Combat
  1611 | D:2      | Noticed Sigmund
  1623 | D:2      | Killed Sigmund
  1623 | D:2      | Reached skill level 5 in Unarmed Combat
  1623 | D:2      | Reached XP level 4. HP: 20/38 MP: 4/7
  1623 | D:2      | Reached XP level 5. HP: 24/45 MP: 4/8
  1644 | D:2      | Noticed Jessica
  1659 | D:2      | Killed Jessica
  2147 | D:2      | Found a blossoming altar of Fedhas.
  2278 | D:2      | Became a worshipper of Fedhas Madash
  2428 | D:3      | Reached XP level 6. HP: 42/52 MP: 9/9
  2479 | D:3      | Reached * piety under Fedhas
  2502 | D:3      | Reached skill level 6 in Unarmed Combat
  3407 | D:4      | Your scales start taking on a fiery red colour.
  3407 | D:4      | Reached XP level 7. HP: 24/60 MP: 10/10
  3407 | D:4      | Gained mutation: Your flesh is heat resistant. (rF+) [Red Draconian growth]
  3419 | D:4      | Reached skill level 7 in Unarmed Combat
  3902 | D:4      | Reached skill level 5 in Fighting
  3919 | D:4      | Noticed Ijyb
  3929 | D:4      | Killed Ijyb
  4039 | D:4      | Found a staircase to the Ecumenical Temple.
  4757 | D:5      | Entered Level 5 of the Dungeon
  5046 | D:5      | Reached skill level 8 in Unarmed Combat
  5175 | D:5      | Reached XP level 8. HP: 70/70 MP: 11/11
  5359 | D:5      | Found a glowing golden altar of the Shining One.
  6005 | D:6      | Found a stormy altar of Qazlal.
  6008 | D:6      | Noticed an air elemental
  6033 | D:6      | Found an opulent altar of Gozag.
  6044 | D:6      | Reached skill level 1 in Invocations
  6053 | D:6      | Found Gozag's Platinum Reserve.
  6545 | D:6      | Reached skill level 9 in Unarmed Combat
  7075 | D:6      | Found a shadowy altar of Dithmenos.
  7238 | D:7      | Slain by a wyvern skeleton

Vault maps used:
D:1:      lordsloth_arrival_two_stooges
D:2:      lemuel_round_altar, uniq_jessica, uniq_sigmund
D:3:      first_ration, kennysheep_pointless_box, nrook_mini_backslash
D:4:      minmay_temple_entry_statues_fountains, uniq_ijyb
D:5:      nicolae_overflow_crystal_walls
D:6:      nicolae_qazlal_style_of_elements, kennysheep_little_box,
          nicolae_gozag_zags_fifth_avenue
D:7:      serial_shops, shop_fountains, enter_ossuary_3, uniq_pikel

Skill      XL: |  1  2  3  4  5  6  7  8 |
---------------+-------------------------+-----
Fighting       | 2 3 4 5 6 |  6.6
Unarmed Combat | 5 6 8 9 |  9.2
Invocations    | 2 |  2.2
Transmutations | 3 |  3.0
Dodging        | |  1.7
Spellcasting   | |  2.0

Action                   |  1- 3 |  4- 6 |  7- 9 || total
-------------------------+-------+-------+-------++-------
Melee: Unarmed           |   118 |   199 |   159 ||   476
       Tailslap          |    15 |    25 |    18 ||    58
       Punch             |     1 |     4 |     5 ||    10
 Cast: Sticks to Snakes  |     3 |     3 |       ||     6
Invok: Fungal Bloom      |       |    12 |    13 ||    25
       Evolution         |       |     3 |     1 ||     4
 Abil: Breathe Fire      |       |       |     7 ||     7
  Use: Potion            |     1 |       |       ||     1
       Scroll            |       |       |    19 ||    19
 Stab: Sleeping          |     1 |     2 |     1 ||     4
       Distracted        |     1 |       |     1 ||     2
       Confused          |       |     1 |       ||     1
  Eat: Chunk             |     1 |     8 |     6 ||    15
       Ration            |       |       |     2 ||     2
Armor: Skin              |    37 |    82 |    45 ||   164
Dodge: Dodged            |    74 |   134 |    94 ||   302

Table legend:
 A = Spawn XP
 B = Non-spawn XP
 C = Spawn XP percentage of total XP
 D = Spawn monster count
 E = Non-spawn monster count
 F = Spawn count percentage of total count
 G = Total turns spent on level
                    A         B        C        D         E        F      G
               +---------+---------+-------+---------+---------+-------+---------
         Total |       0 |    2359 |   0.0 |       0 |     146 |   0.0 |  7238
               +---------+---------+-------+---------+---------+-------+---------
           D:1 |       0 |      45 |   0.0 |       0 |      24 |   0.0 |  1224
           D:2 |       0 |     267 |   0.0 |       0 |      21 |   0.0 |  1062
           D:3 |       0 |     273 |   0.0 |       0 |      35 |   0.0 |  1016
           D:4 |       0 |     451 |   0.0 |       0 |      21 |   0.0 |  1591
           D:5 |       0 |     614 |   0.0 |       0 |      25 |   0.0 |  1053
           D:6 |       0 |     707 |   0.0 |       0 |      19 |   0.0 |  1280
           D:7 |       0 |       2 |   0.0 |       0 |       1 |   0.0 |    12
               +---------+---------+-------+---------+---------+-------+---------
